 Dungeon Crawl Stone Soup version 0.13.0-3-g966e3ec (webtiles) character file.

557 HungrySpirit the Magician (level 6, -4/28 HPs)
             Began as a Spriggan Enchanter on Oct 13, 2013.
             Slain by a centaur (5 damage)
             ... on Level 4 of the Dungeon.
             The game lasted 00:15:37 (6619 turns).

HungrySpirit the Magician (Spriggan Enchanter)      Turns: 6619, Time: 00:15:37

HP  -4/28        AC  3     Str  6      XL: 6   Next: 64%
MP   9/20        EV 19     Int 17      God:
Gold 133         SH  0     Dex 16      Spells:  3 memorised,  9 levels left

Res.Fire  : . . .   See Invis. : +   a - +1 dagger {=f}
Res.Cold  : . . .   Warding    : .   b - +1 robe
Life Prot.: . . .   Conserve   : .   (shield restricted)
Res.Poison: .       Res.Corr.  : .   (helmet restricted)
Res.Elec. : .       Clarity    : .   (no cloak)
Sust.Abil.: . .     Spirit.Shd : .   (gloves unavailable)
Res.Mut.  : .       Stasis     : .   (boots unavailable)
Res.Rott. : .       Flight     : .   (no amulet)
Saprovore : . . .                    (no ring)
                                     x - ring of see invisible {unknown}

@: very slightly contaminated, very quick, somewhat resistant to hostile
enchantments, stealthy
A: unfitting armour, see invisible, herbivore 3, speed 3, slow metabolism 2
a: no special abilities


You were on level 4 of the Dungeon.
You were hungry.

You visited 1 branch of the dungeon, and saw 4 of its levels.

You collected 113 gold pieces.

Inventory:

Hand weapons
 a - a +1,+1 dagger (weapon) {=f}
Missiles
 d - 36 darts (quivered)
Armour
 b - a +1 robe (worn)
Comestibles
 f - 2 pears
 q - a choko
 s - 2 bread rations
Scrolls
 e - a scroll of magic mapping {unknown}
 g - 7 scrolls of identify {unknown}
 h - 2 scrolls of enchant weapon I {unknown}
 i - 2 scrolls of teleportation {unknown}
 k - a scroll of enchant weapon II {unknown}
 l - a scroll of amnesia {unknown}
 n - 2 scrolls of fog {unknown}
 p - 4 scrolls of remove curse {unknown}
 r - a scroll of blinking {unknown}
 v - a scroll of random uselessness {unknown}
 w - 3 scrolls of fear {unknown}
 y - a scroll of curse jewellery {unknown}
 z - a scroll of curse armour {unknown}
Jewellery
 x - a ring of see invisible (left hand) {unknown}
Potions
 j - a potion of agility {unknown}
 m - 4 potions of curing {unknown}
 o - a potion of might {unknown}
 t - a potion of speed {unknown}
 u - a potion of experience {unknown}
Books
 c - a book of Maledictions

   Spells                             Type                      Level
   *Corona                            Hexes                        1
   Sure Blade                         Hexes/Charms                 2
   *Ensorcelled Hibernation           Hexes/Ice                    2
   *Confuse                           Hexes                        3
   Enslavement                        Hexes                        4
   Invisibility                       Hexes                        6


   Skills:
 - Level 4.2 Short Blades
 - Level 1.1 Throwing
 * Level 3.8 Dodging
 + Level 3.3 Stealth
 - Level 5.3 Spellcasting
 - Level 5.1 Hexes


You had 9 spell levels left.
You knew the following spells:

 Your Spells              Type           Power        Failure   Level  Hunger
a - Corona                Hex            ###....      1%          1    None
b - Ensorcelled Hibernat  Hex/Ice        ##....       10%         2    #......
c - Confuse               Hex            ###.....     8%          3    ###....


Dungeon Overview and Level Annotations

Branches:
Dungeon (4/27)
 Temple: D:4-7

Altars:
Elyvilon
Makhleb
Nemelex Xobeh
Trog
Zin


Innate Abilities, Weirdness & Mutations

You are tiny and cannot use many weapons and most armour.
You have supernaturally acute eyesight.
You are a herbivore.
You cover ground extremely quickly.
You need consume almost no food.


Message History

Aim: a centaur (heavily wounded)
The centaur resists.
The centaur barely misses you.
Casting: Confuse
Confirm with . or Enter, or press ? or * to list all spells.
Aiming: Confuse
Press: ? - help, Shift-Dir - straight line, f/p - centaur
Aim: a centaur (heavily wounded)
You miscast Confuse.
You are very lightly contaminated with residual magic.
Your skin tingles.
The centaur hits you.
* * * LOW HITPOINT WARNING * * *
The centaur hits you.
* * * LOW HITPOINT WARNING * * *
Casting: Confuse
Confirm with . or Enter, or press ? or * to list all spells.
Aiming: Confuse
Press: ? - help, Shift-Dir - straight line, f/p - centaur
Aim: a centaur (heavily wounded)
The centaur resists with some effort.
The centaur hits you.
You die...

.......# #.#####c..#########
.......# #..................
.......########..................
..................(......c.......
.............(....########(......
..................# #.......
##..........(.....# #.......
#.....#####......# #..#####
+.....# #...c@.########..#
#.)...# #........(.......#
#.....# #(......########.#
#.....#####(......# #.#
#.................# #.#
#.................########.#
#..........................#####
........................(........
#################################


You could see a centaur.

Vanquished Creatures
  A phantom (D:4)
  A crimson imp (D:3)
  3 hounds
  An orc wizard (D:4)
  An ogre skeleton (D:4)
  A hound skeleton (D:4)
  5 adders
  3 gnolls (D:3)
  A giant mite (D:4)
  A giant eyeball (D:4)
  A giant gecko (D:2)
  3 oozes
  6 orcs
  5 giant cockroaches
  11 goblins
  5 hobgoblins
  2 jackals (D:4)
  4 kobolds
  A quokka (D:4)
  7 ball pythons
  5 bats
  3 giant newts
  11 rats
  A rat skeleton (D:4)
83 creatures vanquished.

Notes
Turn   | Place    | Note
--------------------------------------------------------------
     0 | D:1      | HungrySpirit, the Spriggan Enchanter, began the quest for the Orb.
     0 | D:1      | Reached XP level 1. HP: 9/9 MP: 4/4
   247 | D:1      | Reached XP level 2. HP: 4/13 MP: 6/6
   525 | D:1      | Learned a level 2 spell: Ensorcelled Hibernation
  1103 | D:2      | Found a white marble altar of Elyvilon.
  1103 | D:2      | Found a sparkling altar of Nemelex Xobeh.
  1103 | D:2      | Found a glowing silver altar of Zin.
  1797 | D:2      | Reached skill level 4 in Hexes
  2007 | D:2      | Found a burning altar of Makhleb.
  2048 | D:2      | Found a bloodstained altar of Trog.
  2202 | D:2      | Reached XP level 3. HP: 16/16 MP: 9/9
  2499 | D:3      | Learned a level 3 spell: Confuse
  3269 | D:3      | Reached XP level 4. HP: 14/21 MP: 3/12
  3911 | D:3      | Reached XP level 5. HP: 24/24 MP: 6/15
  4759 | D:3      | Reached skill level 5 in Hexes
  5046 | D:4      | Reached XP level 6. HP: 11/28 MP: 19/19
  5277 | D:4      | Paralysed by a giant eyeball for 3 turns
  5299 | D:4      | Noticed a centaur
  5733 | D:4      | Reached skill level 5 in Spellcasting
  6618 | D:4      | HP: 1/28 [centaur (4)]
  6619 | D:4      | Slain by a centaur

Action                   |  1- 3 |  4- 6 || total
-------------------------+-------+-------++-------
Melee: Dagger            |   174 |   223 ||   397
Throw: Dart              |    29 |    38 ||    67
 Cast: Ensorcelled Hiber |    14 |    45 ||    59
       Confuse           |       |    19 ||    19
  Use: Potion            |       |     1 ||     1
 Stab: Sleeping          |    10 |    21 ||    31
       Confused          |       |     3 ||     3
